Map: Inside and Out

Players

PattyMac

  • Race: Protoss Protoss
  • Spawn Location: 1:00

Bunny - Winner!

  • Race: Terran Terran
  • Spawn Location: 7:00

Event: DreamHack SC2 Masters 2022 Atlanta (Offline)

VOD

Have the link to the VOD?

Description

Time

  • Played on: Nov. 18, 2022, 1:12 p.m.
  • Length: 8:19

All games in this series

Show
View Real Time Build Order
Export as new Build Order

PattyMac Protoss 

Build Orders: 1 Gate Expand, Blink Stalkers 

Get SALT Encoding   

  12  0:00  Probe  
  13  0:12  Probe  
  14  0:16  Pylon  
  14  0:24  Probe (Chrono Boost)  
  16  0:36  Gateway, Probe (Chrono Boost)  
  16  0:43  Probe (Chrono Boost)  
  16  0:45  Assimilator  
  17  0:50  Probe  
  18  0:58  Gateway  
  18  1:03  Probe  
  19  1:23  Cybernetics Core  
  19  1:36  Nexus  
  19  1:42  Pylon  
  19  1:45  Probe  
  20  1:59  Adept (Chrono Boost), Warp Gate  
  24  2:04  Adept (Chrono Boost)  
  24  2:08  Assimilator  
  24  2:11  Probe  
  25  2:20  Adept (Chrono Boost)  
  27  2:23  Adept  
  29  2:31  Probe  
  30  2:43  Probe  
  31  2:44  Twilight Council  
  31  2:51  Probe (Chrono Boost)  
  31  2:57  Probe (Chrono Boost)  
  33  3:03  Probe (Chrono Boost)  
  34  3:12  Probe (Chrono Boost)  
  33  3:30  Probe (Chrono Boost)  
  33  3:33  Blink (Chrono Boost)  
  35  3:34  Robotics Facility  
  35  3:35  Gateway x2, Probe (Chrono Boost)  
  35  3:38  Pylon  
  35  3:39  Probe (Chrono Boost)  
  36  3:42  Probe (Chrono Boost)  
  36  3:43  Assimilator  
  36  3:48  Pylon  
  37  3:50  Probe  
  37  3:53  Probe  
  38  4:02  Probe  
  38  4:03  Stalker x2  
  38  4:05  Probe  
  43  4:15  Probe  
  44  4:18  Probe  
  44  4:23  Observer, Pylon  
  46  4:27  Stalker x2  
  42  4:42  Stalker x2  
  46  4:47  Probe  
  46  4:51  Warp Prism, Probe  
  48  4:56  Stalker  
  48  4:59  Probe  
  49  5:01  Stalker  
  51  5:12  Stalker x2  
  55  5:16  Probe  
  55  5:19  Pylon  
  56  5:23  Stalker  
  56  5:26  Stalker  
  60  5:40  Stalker  
  60  5:41  Observer, Stalker  
  64  5:44  Nexus  
  64  5:46  Probe  
  65  6:00  Stalker x2  
  65  6:13  Stalker x2  
  65  6:17  Probe  
  66  6:24  Stalker x2  
  57  6:37  Probe x2  
  57  6:41  Gateway x2  
  57  6:42  Warp Prism (Chrono Boost)  
  57  6:43  Gateway  
  57  6:45  Gateway  
  57  6:49  Probe  
  57  6:50  Dark Shrine  
  58  6:55  Zealot  
  58  6:58  Zealot  
  62  7:02  Zealot  
  62  7:05  Sentry  
  66  7:18  Zealot x2  
  68  7:23  Immortal (Chrono Boost)  
  68  7:27  Zealot  
  74  7:32  Shield Battery  
  74  7:34  Zealot  
  76  7:42  Stalker x3  
  76  7:43  Zealot x2  
  86  7:46  Zealot  
  52  8:01  Zealot x2  
  44  8:05  Probe x2  
  44  8:06  Probe  
  42  8:14  Zealot  
  42  8:15  Pylon  
Show
View Real Time Build Order
Export as new Build Order

Bunny Terran - Winner!

Build Orders:  

Get SALT Encoding   

  12  0:00  SCV  
  13  0:12  SCV  
  14  0:17  Supply Depot  
  14  0:24  SCV  
  15  0:38  SCV  
  15  0:40  Barracks  
  15  0:42  Refinery  
  16  0:50  SCV  
  16  0:52  Refinery  
  17  1:03  SCV  
  18  1:15  SCV  
  19  1:27  Reaper, Orbital Command  
  19  1:29  Supply Depot  
  20  1:40  Factory  
  20  1:52  SCV  
  21  2:00  Barracks Reactor  
  21  2:04  SCV  
  22  2:15  Command Center  
  22  2:17  SCV  
  23  2:25  Hellion  
  23  2:29  SCV  
  26  2:32  Supply Depot  
  26  2:36  Reaper x2  
  28  2:41  SCV  
  29  2:46  Hellion  
  31  2:52  Starport  
  31  2:54  SCV  
  30  3:08  Factory Tech Lab, Marine x2  
  30  3:12  SCV  
  33  3:26  Marine x2  
  29  3:27  Cyclone  
  29  3:33  Medivac  
  33  3:35  SCV  
  33  3:40  Supply Depot  
  34  3:43  Marine  
  34  3:44  Marine  
  36  3:59  Siege Tank  
  37  4:03  Starport Tech Lab  
  37  4:04  Marine x2  
  37  4:08  SCV  
  40  4:16  Orbital Command  
  40  4:18  Bunker  
  40  4:21  SCV  
  41  4:32  Raven  
  41  4:38  Marine x2  
  43  4:42  SCV x2  
  46  4:54  Siege Tank  
  46  4:56  Supply Depot, SCV x2, Marine x2  
  46  4:58  Barracks  
  53  5:04  Engineering Bay, Refinery  
  53  5:14  Marine x2  
  49  5:15  SCV x2  
  49  5:20  Barracks  
  51  5:27  SCV x2, Starport Reactor  
  53  5:31  Marine  
  53  5:32  Terran Infantry Weapons Level 1, Marine  
  55  5:39  SCV x2  
  55  5:48  Factory Reactor  
  55  5:49  Marine x2  
  56  5:51  SCV x2  
  56  5:52  Supply Depot, Refinery, Stimpack  
  56  5:53  Marine  
  57  6:06  Medivac  
  57  6:07  Marine x2  
  63  6:11  Marauder  
  63  6:25  Marine x2  
  60  6:26  Widow Mine x2  
  60  6:32  Marauder  
  60  6:36  SCV x2  
  59  6:40  Medivac  
  60  6:48  SCV x2  
  60  6:49  Medivac  
  60  6:50  Marine x3  
  60  6:53  Combat Shield, Marine  
  68  6:58  Widow Mine  
  68  6:59  Widow Mine  
  68  7:00  SCV  
  68  7:01  SCV  
  74  7:06  Supply Depot  
  74  7:08  Marine x2  
  75  7:09  Supply Depot  
  75  7:13  SCV x2  
  78  7:27  SCV  
  78  7:28  SCV, Medivac, Marauder x2  
  78  7:29  Supply Depot  
  85  7:32  Medivac  
  87  7:39  Supply Depot  
  87  7:41  Widow Mine x2  
  91  7:47  Marine  
  91  7:48  Marine  
  91  7:49  Marauder  
  90  7:52  Marauder  
  79  8:05  Missile Turret  
Tags
 
Add a new tag
Caveats
  • Supply blocks, unpowered buildings, or Contaminate may cause inaccurate times.
  • Supply counts are checked every 10 seconds.